Map: Высадка защитников РВ

Players

FLIGHTER

  • Race: Protoss Protoss
  • League: Platinum
  • Spawn Location: 7:00

Yamamoto - Winner!

  • Race: Protoss Protoss
  • League: Diamond
  • Spawn Location: 1:00

VOD

Have the link to the VOD?

Description

Time

  • Played on: May 28, 2017, 12:54 p.m.
  • Length: 14:10
Show
View Real Time Build Order
Export as new Build Order

FLIGHTER Protoss 

Build Orders:  

Get SALT Encoding   

  12  0:01  Probe (Chrono Boost)  
  13  0:12  Probe (Chrono Boost)  
  14  0:18  Pylon  
  14  0:22  Probe (Chrono Boost)  
  15  0:37  Probe (Chrono Boost)  
  15  0:38  Gateway  
  16  0:44  Assimilator  
  16  0:48  Probe (Chrono Boost)  
  17  0:53  Assimilator  
  17  0:58  Probe (Chrono Boost)  
  18  1:20  Gateway  
  18  1:21  Probe (Chrono Boost)  
  19  1:26  Cybernetics Core  
  19  1:31  Probe (Chrono Boost)  
  20  1:42  Probe (Chrono Boost)  
  21  1:50  Pylon  
  21  1:52  Probe (Chrono Boost)  
  22  2:02  Warp Gate  
  22  2:03  Probe (Chrono Boost)  
  23  2:08  Stalker  
  23  2:11  Stalker  
  27  2:21  Pylon  
  27  2:31  Mothership Core (Chrono Boost)  
  29  2:43  Stalker  
  29  2:44  Stalker  
  33  2:59  Probe (Chrono Boost)  
  34  3:27  Stalker, Nexus  
  34  3:30  Stalker  
  38  3:41  Pylon  
  38  3:46  Pylon  
  38  3:49  Probe (Chrono Boost)  
  40  4:10  Probe (Chrono Boost)  
  40  4:20  Probe (Chrono Boost)  
  41  4:31  Probe (Chrono Boost)  
  42  4:38  Robotics Facility  
  42  4:41  Probe (Chrono Boost)  
  42  4:43  Gateway  
  42  4:44  Pylon  
  43  4:47  Gateway  
  43  4:55  Probe x2 (Chrono Boost)  
  43  4:56  Twilight Council  
  45  5:06  Probe x2 (Chrono Boost)  
  47  5:16  Probe x2 (Chrono Boost)  
  49  5:27  Probe x2 (Chrono Boost)  
  51  5:28  Assimilator  
  51  5:30  Assimilator  
  51  5:33  Observer  
  52  5:39  Stalker x2  
  56  5:47  Probe x2 (Chrono Boost)  
  58  5:58  Probe x2 (Chrono Boost)  
  58  6:00  Blink  
  58  6:02  Immortal  
  64  6:08  Probe x2 (Chrono Boost)  
  64  6:09  Stalker x2  
  70  6:19  Probe (Chrono Boost)  
  70  6:21  Forge  
  71  6:28  Pylon x2  
  71  6:36  Probe x2 (Chrono Boost)  
  73  6:40  Stalker  
  73  6:41  Stalker  
  77  6:49  Forge  
  77  6:55  Stalker x2  
  77  6:58  Probe x2 (Chrono Boost)  
  83  7:10  Nexus  
  83  7:16  Pylon  
  83  7:19  Pylon  
  83  7:24  Immortal  
  87  7:37  Stalker x2  
  87  7:42  Protoss Ground Weapons Level 1  
  91  7:44  Protoss Ground Armor Level 1  
  91  7:55  Probe x2 (Chrono Boost)  
  93  8:03  Immortal  
  97  8:09  Robotics Facility  
  97  8:23  Gateway  
  97  8:25  Probe x3 (Chrono Boost), Gateway  
  100  8:30  Charge  
  100  8:37  Immortal  
  100  8:45  Probe x2 (Chrono Boost)  
  100  8:46  Probe (Chrono Boost)  
  100  8:47  Assimilator  
  107  8:52  Assimilator  
  107  8:55  Probe x2 (Chrono Boost)  
  109  8:58  Probe (Chrono Boost)  
  109  8:59  Pylon  
  109  9:00  Immortal  
  109  9:02  Pylon  
  114  9:09  Probe (Chrono Boost)  
  116  9:10  Probe (Chrono Boost)  
  116  9:11  Immortal, Probe (Chrono Boost)  
  121  9:22  Probe (Chrono Boost)  
  122  9:31  Stalker x4  
  124  9:32  Probe (Chrono Boost)  
  131  9:40  Immortal, Protoss Ground Armor Level 2, Protoss Ground Weapons Level 2  
  134  9:50  Immortal  
  138  10:03  Probe (Chrono Boost)  
  139  10:18  Nexus  
  139  10:22  Assimilator  
  139  10:26  Assimilator  
  139  10:30  Pylon  
  139  10:34  Pylon  
  139  10:35  Stalker  
  141  10:37  Pylon  
  141  10:39  Pylon  
  141  10:44  Pylon  
  141  10:48  Immortal  
  145  10:53  Gateway  
  145  10:56  Gateway  
  145  10:58  Gateway  
  145  11:00  Gateway  
  145  11:04  Gateway  
  145  11:07  Gateway  
  145  11:08  Gateway  
  145  11:11  Gateway  
  145  11:21  Stalker x6, Pylon  
  145  11:22  Pylon  
  157  11:25  Pylon  
  157  11:27  Immortal, Pylon  
  161  11:34  Immortal  
  87  12:03  Observer  
  84  12:13  Observer  
  85  12:22  Stalker x3  
  87  12:23  Stalker x7  
  87  12:24  Stalker x3  
  87  12:28  Stalker  
  44  13:26  Zealot  
  44  13:27  Zealot x6  
  39  13:28  Zealot x5  
  53  13:51  Zealot x5  
  53  13:52  Zealot x2  
Show
View Real Time Build Order
Export as new Build Order

Yamamoto Protoss - Winner!

Build Orders:  

Get SALT Encoding   

  12  0:01  Probe (Chrono Boost)  
  13  0:11  Probe (Chrono Boost)  
  14  0:17  Pylon  
  14  0:22  Probe (Chrono Boost)  
  16  0:35  Probe (Chrono Boost)  
  16  0:37  Gateway  
  16  0:43  Assimilator  
  16  0:46  Probe (Chrono Boost)  
  17  0:53  Assimilator  
  17  0:57  Probe (Chrono Boost)  
  18  1:07  Probe (Chrono Boost)  
  19  1:13  Gateway  
  19  1:18  Probe (Chrono Boost)  
  20  1:25  Cybernetics Core  
  20  1:30  Probe (Chrono Boost)  
  21  1:36  Pylon  
  21  1:41  Probe (Chrono Boost)  
  22  1:52  Probe (Chrono Boost)  
  23  2:02  Adept x2  
  23  2:04  Warp Gate  
  27  2:08  Pylon  
  27  2:14  Mothership Core (Chrono Boost)  
  29  2:29  Stalker  
  31  2:30  Stalker  
  33  2:56  Nexus  
  33  3:04  Sentry x2  
  37  3:17  Probe (Chrono Boost)  
  36  3:21  Robotics Facility  
  34  3:28  Probe (Chrono Boost)  
  35  3:38  Probe (Chrono Boost)  
  36  3:45  Pylon  
  36  3:49  Probe (Chrono Boost)  
  37  3:59  Probe (Chrono Boost)  
  38  4:09  Probe (Chrono Boost)  
  39  4:15  Stalker x2  
  43  4:23  Probe (Chrono Boost)  
  43  4:24  Probe (Chrono Boost)  
  45  4:27  Immortal  
  49  4:33  Twilight Council  
  49  4:37  Probe (Chrono Boost), Forge  
  50  4:41  Probe (Chrono Boost)  
  51  4:48  Probe (Chrono Boost)  
  51  4:51  Probe (Chrono Boost)  
  53  4:58  Probe (Chrono Boost)  
  54  5:01  Gateway  
  54  5:05  Probe (Chrono Boost)  
  54  5:06  Immortal  
  59  5:09  Probe (Chrono Boost)  
  60  5:14  Protoss Ground Weapons Level 1  
  60  5:16  Probe (Chrono Boost)  
  60  5:18  Pylon, Resonating Glaives  
  60  5:19  Probe (Chrono Boost)  
  62  5:27  Assimilator  
  62  5:33  Assimilator  
  62  5:36  Probe x2 (Chrono Boost)  
  64  5:47  Probe (Chrono Boost)  
  65  5:50  Immortal  
  69  5:57  Pylon  
  69  5:59  Pylon  
  69  6:02  Photon Cannon  
  69  6:03  Probe (Chrono Boost)  
  70  6:07  Pylon  
  70  6:16  Probe x2 (Chrono Boost)  
  72  6:24  Adept x2  
  72  6:25  Adept  
  78  6:28  Probe (Chrono Boost)  
  78  6:29  Nexus  
  79  6:36  Immortal  
  84  6:40  Probe (Chrono Boost)  
  84  6:46  Probe (Chrono Boost)  
  85  6:50  Charge  
  85  6:52  Probe (Chrono Boost)  
  86  6:58  Probe (Chrono Boost)  
  86  6:59  Pylon  
  87  7:04  Probe (Chrono Boost)  
  87  7:05  Protoss Ground Weapons Level 2  
  88  7:08  Zealot x2  
  88  7:10  Probe (Chrono Boost)  
  94  7:16  Probe (Chrono Boost)  
  94  7:17  Immortal  
  94  7:21  Pylon  
  99  7:23  Probe (Chrono Boost)  
  99  7:27  Pylon  
  100  7:31  Probe (Chrono Boost)  
  100  7:38  Zealot  
  100  7:41  Zealot x2  
  100  7:43  Probe (Chrono Boost)  
  109  7:45  Probe x2 (Chrono Boost)  
  109  7:59  Robotics Facility  
  109  8:01  Probe (Chrono Boost), Gateway  
  109  8:02  Probe x2 (Chrono Boost), Gateway  
  109  8:04  Gateway  
  112  8:11  Probe (Chrono Boost)  
  114  8:14  Probe (Chrono Boost)  
  114  8:18  Probe (Chrono Boost)  
  114  8:19  Templar Archives  
  115  8:22  Immortal, Assimilator  
  115  8:26  Assimilator  
  119  8:29  Probe (Chrono Boost)  
  119  8:30  Probe (Chrono Boost)  
  119  8:31  Probe (Chrono Boost)  
  119  8:33  Zealot x3  
  129  8:42  Probe (Chrono Boost)  
  129  8:45  Photon Cannon  
  129  8:53  Photon Cannon  
  129  8:55  Zealot x2  
  133  9:09  Pylon  
  133  9:11  Pylon  
  133  9:13  Pylon  
  133  9:14  Pylon  
  133  9:16  Pylon  
  133  9:22  Forge  
  133  9:27  Immortal x2  
  141  9:32  High Templar x2, Protoss Ground Weapons Level 3  
  141  9:33  High Templar x4  
  141  9:36  Archon, Nexus  
  141  9:37  Archon x2  
  153  9:40  Probe (Chrono Boost)  
  153  9:41  Probe (Chrono Boost)  
  153  9:43  Protoss Shields Level 1  
  153  9:45  Pylon  
  155  9:53  Pylon  
  155  9:55  Pylon  
  155  10:05  High Templar x5  
  165  10:09  Archon x2  
  165  10:11  Zealot  
  169  10:15  Probe x2 (Chrono Boost)  
  169  10:18  Immortal x2  
  177  10:32  Pylon  
  177  10:35  Pylon  
  177  10:45  Zealot x3  
  177  10:46  Zealot x3  
  189  10:54  Photon Cannon  
  189  10:56  Photon Cannon  
  189  10:57  Immortal  
  197  11:09  Warp Prism  
  195  11:22  Gateway x2  
  195  11:24  Protoss Ground Armor Level 1  
  195  11:26  Gateway  
  195  11:28  Gateway  
  195  11:30  Gateway x2  
  195  11:32  Gateway  
  195  11:35  Assimilator  
  195  11:39  Assimilator  
  169  12:19  Zealot  
  169  12:20  Zealot x5  
  181  12:33  Zealot x5  
  181  12:34  Zealot x2  
  185  13:11  Gateway  
  185  13:13  Gateway  
  185  13:14  Gateway  
  185  13:15  Gateway  
  185  13:19  Gateway x2  
  185  13:33  Observer x2  
  183  13:50  Nexus  
  183  13:51  Pylon  
  183  13:54  Pylon  
  175  14:02  Photon Cannon  
  171  14:03  Photon Cannon  
  171  14:08  Zealot x7  
  171  14:09  Zealot x6  
Tags
 
Add a new tag
Caveats
  • Supply blocks, unpowered buildings, or Contaminate may cause inaccurate times.
  • Supply counts are checked every 10 seconds.